 Dungeon Crawl Stone Soup version 0.26.1-16-g4e020e15dc (webtiles) character file.

Game seed: 13302344987262342547

70442 Twinkles the Brawler (level 15, -14/129 HPs)
             Began as a Merfolk Transmuter on Apr 13, 2023.
             Was a High Priest of Okawaru.
             Demolished by Agnes
             ... wielding a +2 vampiric lajatang
              (17 damage)
             ... on level 14 of the Dungeon on Apr 14, 2023.
             The game lasted 01:44:32 (32101 turns).

Twinkles the Brawler (Merfolk Transmuter)          Turns: 32101, Time: 01:44:33

Health: -14/129    AC:  2    Str: 16    XL:     15   Next: 33%
Magic:  11/22      EV: 38    Int: 13    God:    Okawaru [*****.]
Gold:   1512       SH:  0    Dex: 20    Spells: 13/24 levels left

rFire    . . .     SeeInvis .     - Unarmed
rCold    . . .     Faith    +   (shield currently unavailable)
rNeg     . . .     Spirit   .   (armour currently unavailable)
rPois    x         Reflect  .   (helmet currently unavailable)
rElec    .         Harm     .   (cloak currently unavailable)
rCorr    .         Rampage  .   (gloves currently unavailable)
Will     ++...                  (boots currently unavailable)
Stlth    +++++.....             O - amulet of faith
HPRegen  0.31/turn              L - ring of willpower
MPRegen  0.18/turn              (no ring)

@: about to teleport, spider-form, heroism, finesse
A: tiny, (change form in water), (swift swim), (stealthy swim)
a: End Transformation, Renounce Religion, Heroism, Finesse


You were on level 14 of the Dungeon.
You worshipped Okawaru.
Okawaru was extremely pleased with you.
You were a venomous arachnid creature.
You visited 2 branches of the dungeon, and saw 20 of its levels.
You also visited: Ossuary.

You collected 1512 gold pieces.

Inventory:

Hand Weapons
 a - the +0 hunting sling of Okasez {speed, SInv}
   (You found it on level 8 of the Dungeon)

   Attacks with this weapon are significantly faster.
   It lets you see invisible.
Missiles
 h - 4 javelins
 i - 71 poisoned darts
 j - 124 sling bullets
 J - 5 curare-tipped darts
Armour
 g - a +0 pair of boots of flying (melded)
 n - a +0 troll leather armour (melded)
 p - a +0 pair of gloves
 q - a +0 cloak
 u - a +0 helmet (melded)
 v - a +2 pair of gloves (melded)
 A - +1 steam dragon scales
 N - a +0 ring mail of cold resistance
 S - a scarf of shadows (melded)
Jewellery
 L - a ring of willpower (left front leg)
 O - an amulet of faith (around neck)
 V - an uncursed ring of wizardry
 Y - an uncursed amulet of reflection
Wands
 o - a wand of paralysis (9)
 x - a wand of flame (49)
 D - a wand of digging (1)
 M - a wand of iceblast (23)
 P - a wand of polymorph (8)
 W - a wand of random effects (9)
 X - a wand of disintegration (9)
 Z - a wand of acid (15)
Scrolls
 b - 20 scrolls of teleportation
 c - 4 scrolls of fear
 f - 17 scrolls of remove curse
 m - a scroll of acquirement
 r - 4 scrolls of amnesia
 s - 2 scrolls of enchant weapon
 w - a scroll of blinking
 B - 5 scrolls of immolation
 C - a scroll of fog
 G - 2 scrolls of magic mapping
 H - a scroll of silence
 K - a scroll of vulnerability
 Q - 6 scrolls of identify
 T - 3 scrolls of enchant armour
Potions
 d - 2 potions of attraction
 e - 4 potions of lignification
 k - 7 potions of curing
 l - 3 potions of heal wounds
 t - 4 potions of might
 z - 5 potions of brilliance
 E - a potion of magic
 F - 2 potions of berserk rage
 I - 3 potions of flight
 U - 2 potions of invisibility
Miscellaneous
 R - a box of beasts


   Skills:
 + Level 15.1(20.1) Fighting
 - Level 4.0(9.0) Armour
 + Level 13.4(18.4) Dodging
 + Level 5.4(10.4) Stealth
 + Level 15.4(20.4) Unarmed Combat
 - Level 5.0 Spellcasting
 - Level 11.3 Transmutations
 - Level 2.4 Poison Magic
 - Level 8.0 Invocations


You had 13 spell levels left.
You knew the following spells:

 Your Spells              Type           Power        Failure   Level
a - Apportation           Tloc           6%           38%         1
b - Blade Hands           Tmut           16%          14%         5
s - Spider Form           Tmut/Pois      10%          11%         3
w - Wereblood             Tmut           32%          2%          2

Your spell library contained the following spells:

 Spells                   Type           Power        Failure   Level
 Beastly Appendage        Tmut           64%          2%          1
 Animate Skeleton         Necr           6%           38%         1
 Corona                   Hex            3%           38%         1
 Foxfire                  Conj/Fire      12%          38%         1
 Magic Dart               Conj           12%          38%         1
 Summon Small Mammal      Summ           12%          38%         1
 Ice Form                 Ice/Tmut       17%          38%         4
 Searing Ray              Conj           6%           50%         2
 Slow                     Hex            3%           50%         2
 Conjure Flame            Conj/Fire      3%           71%         3
 Dazzling Flash           Conj/Hex       6%           71%         3
 Inner Flame              Hex/Fire       3%           71%         3
 Portal Projectile        Hex/Tloc       6%           71%         3
 Cause Fear               Hex            1%           96%         4
 Fulminant Prism          Conj/Hex       1%           96%         4
 Iskenderun's Mystic Bla  Conj/Tloc      3%           96%         4
 Leda's Liquefaction      Hex/Erth       1%           96%         4
 Sticky Flame             Conj/Fire      3%           96%         4
 Fireball                 Conj/Fire      1%           100%        5
 Metabolic Englaciation   Hex/Ice        1%           100%        5
 Freezing Cloud           Conj/Ice/Air   1%           100%        6
 Ozocubu's Refrigeration  Ice            1%           100%        6
 Simulacrum               Ice/Necr       1%           100%        6


Dungeon Overview and Level Annotations

Branches:
Dungeon (14/15)            Temple (0/1) D:6            Lair (6/6) D:10
 Shoals (0/4) Lair:4       Spider (0/4) Lair:3        Slime (0/5) Lair:6
    Orc (0/2) D:10         Vaults (0/5) D:13        Ossuary (visited)

Altars:
Ashenzari
Cheibriados
Dithmenos
Elyvilon
Fedhas
Gozag
Makhleb
Nemelex Xobeh
Okawaru
Uskayaw
Vehumet
Xom
Zin
The Shining One
Jiyva

Shops:
D:11 !

Portals:
Trove: D:12 (give 4 potions of resistance)

Annotations:
D:2 Sigmund
D:5 exclusion: water moccasin
D:7 2 exclusions
D:8 1 runed translucent door
D:14 Agnes
Lair:1 exclusion: oklob plant


Message History

Unknown command.
Unknown command.
Casting: Blade Hands (dangerous; 5% risk of failure)
Confirm with . or Enter, or press ? or * to list all spells.
You feel a numb sensation.
You turn into a venomous arachnid creature.
Your scarf of shadows melds into your body.
Your +0 helmet melds into your body.
Your +2 pair of gloves melds into your body.
Your +0 pair of boots of flying melds into your body.
Your +0 troll leather armour melds into your body.
The dungeon's light returns to normal.
You float gracefully downwards.
Agnes hits you with a +2 vampiric lajatang!!
* * * LOW HITPOINT WARNING * * *
You feel much better.
Agnes hits you with a +2 vampiric lajatang!
* * * LOW HITPOINT WARNING * * *
Agnes draws strength from your wounds!
Agnes hits you with a +2 vampiric lajatang!
You die...

##### #..s##
###.i..# #..$)#.#
#....#..
#########..###.#.
#..............#..
####..........+.###
#.
...'........<.#...
.. ####..........#
..#


You could see Agnes.

Vanquished Creatures
  A dire elephant (Lair:6)
  2 entropy weavers (D:12)
  Snorg (D:10)
  2 boulder beetles
  2 vault guards (D:13)
  8 hydras
  2 catoblepae
  A merfolk avatar (Lair:6)
  5 two-headed ogres
  An anaconda (Lair:3)
  A centaur warrior (D:13)
  A queen ant (D:12)
  A sea snake (Lair:6)
  3 unseen horrors
  4 manticores
  3 ugly things
  2 cyclopes
  14 elephants
  A black mamba (Lair:6)
  Maggie (D:6)
  A gargoyle (D:10)
  A torpor snail (Lair:3)
  17 cane toads
  4 rime drakes
  A rime drake (shapeshifter) (D:13)
  14 komodo dragons
  A jumping spider (Lair:3)
  9 polar bears
  3 trolls
  Prince Ribbit (D:9)
  2 wind drakes (Lair:6)
  2 hornets (Lair:6)
  Grinder (D:6)
  A spriggan (Lair:3)
  A redback (Lair:3)
  A shadow (D:14)
  7 wyverns
  61 yaks
  6 basilisks
  10 humans (D:13)
  25 soldier ants (D:12)
  20 water moccasins
  5 orc warriors
  3 sky beasts
  An eye of draining (D:8)
  A phantom (D:10)
  8 black bears
  3 ice beasts
  9 wolves
  A necrophage (D:11)
  5 ogres
  3 centaurs
  A big kobold (D:13)
  An elf zombie (Ossuary)
  22 bullfrogs
  2 scorpions
  A killer bee (D:13)
  A troll zombie (Ossuary)
  16 wights
  3 electric eels (D:8)
  4 howler monkeys
  2 bullfrog zombies
  A quasit (D:9)
  5 centaur zombies
  5 jellies
  6 hounds
  3 orc priests
  6 bullfrog skeletons
  2 centaur skeletons
  4 iguanas
  11 orc wizards
  25 worker ants
  4 hell rats (Lair:1)
  A killer bee zombie (D:10)
  2 ogre zombies (Ossuary)
  A big kobold zombie (Ossuary)
  A hound zombie (D:7)
  7 mummies (Ossuary)
  A worker ant zombie (D:5)
  13 adders
  4 gnolls
  A shadow imp (D:5)
  A white imp (D:6)
  2 oozes
  3 adder zombies (Ossuary)
  2 worms (D:2)
  A dart slug (D:4)
  6 leopard geckos
  35 orcs
  6 bats
  7 giant cockroaches
  5 goblins
  7 hobgoblins
  10 jackals
  19 kobolds
  6 frilled lizards
  7 goblin zombies
  5 hobgoblin zombies
  4 kobold skeletons (D:5)
  5 kobold zombies
  3 orc skeletons (D:5)
  A quokka skeleton (D:5)
  6 quokka zombies
  10 rats
  6 rat zombies
597 creatures vanquished.

Vanquished Creatures (others)
  29 fungi
  62 plants
  14 toadstools (Lair:1)
105 creatures vanquished.

Grand Total: 702 creatures vanquished

Notes
Turn   | Place    | Note
-------+----------+-------------------------------------------
     0 | D:1      | Twinkles the Merfolk Transmuter began the quest for the
                  | Orb.
     0 | D:1      | Reached XP level 1. HP: 15/15 MP: 3/3
    66 | D:1      | Reached skill level 1 in Stealth
    66 | D:1      | Reached XP level 2. HP: 21/21 MP: 5/5
   292 | D:1      | HP: 3/21 [hobgoblin (5)]
   659 | D:1      | Reached XP level 3. HP: 26/26 MP: 4/6
   844 | D:1      | Learned a level 3 spell: Spider Form
  1447 | D:2      | Noticed Sigmund
  1613 | D:2      | Reached skill level 1 in Poison Magic
  1613 | D:2      | Reached XP level 4. HP: 14/32 MP: 7/7
  3118 | D:3      | Reached XP level 5. HP: 30/37 MP: 5/8
  3914 | D:4      | Reached skill level 5 in Transmutations
  4178 | D:4      | Reached XP level 6. HP: 41/43 MP: 6/9
  4879 | D:4      | Found a sparkling altar of Nemelex Xobeh.
  5238 | D:4      | Found a shimmering altar of Xom.
  5262 | D:4      | Found a broken altar of Ashenzari.
  5267 | D:4      | Found an iron altar of Okawaru.
  5270 | D:4      | Found a hide-covered altar of Uskayaw.
  5458 | D:4      | Became a worshipper of Warmaster Okawaru
  5487 | D:5      | Entered Level 5 of the Dungeon
  5594 | D:5      | Noticed a water moccasin
  5625 | D:5      | Reached skill level 1 in Invocations
  5625 | D:5      | Reached XP level 7. HP: 51/51 MP: 6/10
  5885 | D:5      | Reached * piety under Okawaru
  5902 | D:5      | HP: 15/52 [poisoned by a worker ant]
  5907 | D:5      | HP: 14/52 [poisoned by a worker ant]
  5914 | D:5      | HP: 13/52 [poisoned by a worker ant]
  5922 | D:5      | HP: 13/52 [poisoned by a worker ant]
  6232 | D:5      | Learned a level 5 spell: Blade Hands
  6346 | D:5      | Found a glowing golden altar of the Shining One.
  7243 | D:6      | Found a shadowy altar of Dithmenos.
  7651 | D:6      | HP: 11/52 [water moccasin (9)]
  7654 | D:6      | Reached XP level 8. HP: 10/58 MP: 8/11
  7656 | D:6      | HP: 9/58 [poisoned by a water moccasin]
  7661 | D:6      | HP: 6/58 [poisoned by a water moccasin]
  7666 | D:6      | HP: 5/58 [poisoned by a water moccasin]
  7671 | D:6      | HP: 4/58 [poisoned by a water moccasin]
  7679 | D:6      | HP: 3/58 [poisoned by a water moccasin]
  7974 | D:6      | Found a staircase to the Ecumenical Temple.
  7974 | D:6      | Noticed Maggie
  7998 | D:6      | Noticed Grinder
  8011 | D:6      | Paralysed by Grinder for 4 turns
  8015 | D:6      | HP: 12/58 [Grinder (6)]
  8017 | D:6      | HP: 5/58 [Grinder (5)]
  8021 | D:6      | Killed Grinder
  8116 | D:6      | HP: 13/58 [Maggie/+0 scimitar (11)]
  8121 | D:6      | HP: 8/58 [Maggie/+0 scimitar (6)]
  8131 | D:6      | HP: 5/58 [Maggie/bolt of fire (25)]
  8142 | D:6      | Killed Maggie
  8455 | D:6      | Reached skill level 10 in Transmutations
  8654 | D:6      | Reached ** piety under Okawaru
  8655 | D:6      | Reached skill level 5 in Invocations
  8655 | D:6      | Reached XP level 9. HP: 41/64 MP: 9/12
  9135 | D:6      | Found a radiant altar of Vehumet.
  9225 | D:7      | Found a white marble altar of Elyvilon.
  9280 | D:7      | Found an opulent altar of Gozag.
  9417 | D:7      | Found a sand-covered staircase.
  9480 | Ossuary  | Entered an ossuary
  9811 | Ossuary  | Learned a level 2 spell: Wereblood
 10362 | Ossuary  | Reached skill level 5 in Dodging
 10940 | D:7      | Reached skill level 5 in Unarmed Combat
 10964 | D:7      | Reached *** piety under Okawaru
 11124 | D:7      | Found a burning altar of Makhleb.
 11454 | D:7      | Found a glowing silver altar of Zin.
 11867 | D:8      | Reached XP level 10. HP: 57/73 MP: 15/15
 11870 | D:8      | Reached skill level 5 in Fighting
 12082 | D:8      | Found a snail-covered altar of Cheibriados.
 12316 | D:8      | Found a runed translucent door.
 12316 | D:8      | Noticed a sixfirhy
 12700 | D:8      | Noticed a two-headed ogre
 12748 | D:8      | Killed a two-headed ogre
 12748 | D:8      | Reached **** piety under Okawaru
 13106 | D:8      | Got an encrusted hunting sling
 13107 | D:8      | Identified the cursed +0 hunting sling of Okasez {speed,
                  | SInv} (You found it on level 8 of the Dungeon)
 13581 | D:9      | Noticed a two-headed ogre
 13622 | D:9      | Killed a two-headed ogre
 14093 | D:9      | Noticed Prince Ribbit
 14179 | D:9      | Killed Prince Ribbit
 14302 | D:10     | Entered Level 10 of the Dungeon
 14499 | D:10     | Reached XP level 11. HP: 63/84 MP: 8/17
 14630 | D:10     | Reached ***** piety under Okawaru
 14701 | D:10     | Found a staircase to the Orcish Mines.
 14837 | D:10     | Killed an unseen horror
 14837 | D:10     | Received a gift from Okawaru
 15123 | D:10     | Reached skill level 10 in Dodging
 15167 | D:10     | Found a staircase to the Lair.
 15704 | Lair:1   | Entered Level 1 of the Lair of Beasts
 16889 | Lair:1   | Found a blossoming altar of Fedhas.
 16926 | Lair:1   | Noticed an oklob plant
 16972 | Lair:1   | Noticed a six-headed hydra
 16992 | Lair:1   | Killed a six-headed hydra
 16993 | Lair:1   | Reached XP level 12. HP: 44/95 MP: 14/18
 17953 | Lair:2   | Reached skill level 10 in Unarmed Combat
 18214 | Lair:2   | Received a gift from Okawaru
 18215 | Lair:2   | Got a wizard robe {god gift}
 18284 | Lair:2   | Identified the +2 robe of Disappointment {*Contam +Fly
                  | Dex+6} (Okawaru gifted it to you on level 2 of the Lair of
                  | Beasts)
 18484 | Lair:2   | Reached skill level 5 in Spellcasting
 18737 | Lair:2   | Reached skill level 10 in Fighting
 19360 | Lair:3   | Learned a level 1 spell: Apportation
 19375 | Lair:3   | Noticed a catoblepas
 19389 | Lair:3   | Killed a catoblepas
 19847 | Lair:3   | Noticed an anaconda
 19855 | Lair:3   | Killed an anaconda
 20136 | Lair:3   | Found a hole to the Spider Nest.
 20754 | Lair:4   | Reached skill level 1 in Armour
 20754 | Lair:4   | Reached XP level 13. HP: 105/105 MP: 14/20
 21726 | Lair:4   | Found a staircase to the Shoals.
 22656 | Lair:5   | Received a gift from Okawaru
 23537 | Lair:6   | Entered Level 6 of the Lair of Beasts
 24704 | Lair:6   | Found a staircase to the Slime Pits.
 24713 | Lair:6   | Found a viscous altar of Jiyva.
 24992 | Lair:6   | Noticed a dire elephant
 25004 | Lair:6   | Killed a dire elephant
 25005 | Lair:6   | Reached XP level 14. HP: 108/116 MP: 9/21
 25198 | Lair:6   | Received a gift from Okawaru
 25762 | Lair:6   | HP: 33/118 [wind drake/the air (13)]
 27644 | D:11     | Noticed Snorg
 27647 | D:11     | Received a gift from Okawaru
 27666 | D:10     | HP: 33/119 [Snorg (3)]
 27818 | D:10     | Killed Snorg
 28768 | D:11     | Found Davikh's Distillery.
 28904 | D:12     | Noticed an entropy weaver
 28923 | D:12     | Killed an entropy weaver
 28972 | D:12     | Noticed an entropy weaver
 29107 | D:12     | Killed an entropy weaver
 29120 | D:12     | Received a gift from Okawaru
 29479 | D:12     | Reached skill level 15 in Unarmed Combat
 30070 | D:12     | Found a portal to a secret trove of treasure.
 30319 | D:12     | Reached XP level 15. HP: 125/127 MP: 16/22
 30709 | D:13     | Received a gift from Okawaru
 31052 | D:13     | Found a gate to the Vaults.
 31060 | D:13     | Identified a scroll of acquirement
 31096 | D:13     | Got a ripped robe {god gift}
 31107 | D:13     | Identified the +1 robe of Okawaru's Hope {-Cast +Inv rN+++}
                  | (Okawaru gifted it to you on level 13 of the Dungeon)
 31165 | D:13     | Reached skill level 15 in Fighting
 31208 | D:13     | Reached skill level 5 in Stealth
 31782 | D:13     | Identified the +2 glaive of the Mushroom {spect, Will-
                  | Dex+4} (You found it on level 13 of the Dungeon)
 31961 | D:14     | Reached ****** piety under Okawaru
 32087 | D:14     | Noticed Agnes
 32092 | D:14     | HP: 25/129 [Agnes/+2 vampiric lajatang (36)]
 32100 | D:14     | HP: 4/129 [Agnes/+2 vampiric lajatang (27)]
 32101 | D:14     | Demolished by Agnes

Illustrated notes

Levels and vault maps discovered:
D:1:      lightli_arrival_boilingwater, layout_basic, minivault_14,
          minmay_surrounded
D:2:      minmay_chambers_of_twos, layout_basic, minmay_nonomino_d4,
          uniq_sigmund
D:3:      layout_loops_cross, kennysheep_generic_room_2
D:4:      kennysheep_spiral_hall, layout_layer_cave, kennysheep_mini_moat,
          minmay_overflow_temple_star_quad, kennysheep_little_box, minivault_25,
          st_stairs_14
D:5:      layout_basic, nicolae_tso_besieged_by_evil
D:6:      layout_basic, grunt_dithmenos_smoke, marbit_many_paths,
          temple_doors_e, chequers_serial_rivers_marsh, uniq_maggie,
          uniq_grinder
D:7:      layout_basic, pdpol_temple_overflow_zin_treasury_gozag_greed,
          old_standard_altar, enter_ossuary_4, nrook_mini_backslash,
          makhleb_heckhound_becter
D:8:      cheibrodos_shockbox, layout_basic, cheibriados_altar_1
D:9:      layout_basic, uniq_prince_ribbit1
D:10:     layout_small_grid, minmay_lair_entry_grove, orc_0_dummy
D:11:     minmay_general_purpose_star, layout_basic, serial_shops, shop,
          uniq_snorg
D:12:     layout_long_grid, nicolae_trove_entry_crossroad, minivault_29
D:13:     layout_rooms, ximxim_vaults_locker_room
D:14:     layout_roguey, serial_shops, shop, hangedman_abyss_or_decor_stabs,
          uniq_agnes
Lair:1:   layout_misc_corridors, tgw_fedhas, infiniplex_staircase_pool_2
Lair:2:   layout_misc_corridors
Lair:3:   layout_cellular_growth, spider_nest_entry_a,
          grunt_forest_large_clearing_hut, serial_bayou_shore_a,
          lemuel_fruit_tree
Lair:4:   layout_regular_city, elwin_shoals_entry_rocks, beast_lair_carwin_10
Lair:5:   layout_regular_city
Lair:6:   gammafunk_lair_ancient_temple, layout_hall_layers, slime_altar_1,
          lemuel_fruit_fields

Skill      XL: |  1  2  3  4  5  6  7  8  9 10 11 12 13 14 15 |
---------------+----------------------------------------------+-----
Stealth        | 1 2 3 5 |  5.4
Transmutations | 3 4 5 6 7 10 11 | 11.3
Dodging        | 3 4 6 8 10 12 13 | 13.4
Poison Magic   | 1 2 |  2.4
Fighting       | 2 3 4 7 9 10 12 14 15 | 15.1
Unarmed Combat | 4 5 7 9 11 13 15 | 15.4
Invocations    | 1 2 5 6 8 |  8.0
Spellcasting   | 3 5 |  5.0
Armour         | 1 4 |  4.0

Action                   |  1- 3 |  4- 6 |  7- 9 | 10-12 | 13-15 || total
-------------------------+-------+-------+-------+-------+-------++-------
Melee: Unarmed           |    81 |   202 |   362 |   452 |   667 ||  1764
       Headbutt          |    15 |    11 |       |       |       ||    26
       Tailslap          |     2 |       |       |       |       ||     2
       Punch             |     1 |     1 |       |    18 |    35 ||    55
 Fire: Hunting sling     |       |       |       |     4 |    16 ||    20
 Cast: Beastly Appendage |    17 |    25 |       |       |       ||    42
       Spider Form       |       |    18 |    38 |     9 |    12 ||    77
       Blade Hands       |       |       |    31 |    73 |   112 ||   216
Invok: Heroism           |       |       |     2 |     5 |    19 ||    26
       Finesse           |       |       |       |     1 |     5 ||     6
 Abil: End Transformatio |       |       |       |     1 |       ||     1
  Use: Scroll            |       |       |    12 |    10 |    13 ||    35
       Potion            |       |       |     3 |       |     2 ||     5
 Stab: Sleeping          |       |     5 |     4 |     2 |       ||    11
       Distracted        |       |       |     1 |     1 |       ||     2
Armor: Robe              |    12 |    20 |       |       |       ||    32
       Skin              |       |     1 |     8 |     1 |     4 ||    14
       Steam dragon scal |       |       |    22 |    53 |    43 ||   118
       Troll leather arm |       |       |       |       |    36 ||    36
Dodge: Dodged            |    34 |   158 |   237 |   373 |   580 ||  1382
